 Dungeon Crawl Stone Soup version 0.28.0-45-g0d030f2227 (webtiles) character file.

Game seed: 350886090305493455

420 Descartes the Grasshopper (level 7, -4/50 HPs)
             Began as a Formicid Warper on Apr 16, 2022.
             Slain by an orc warrior
             ... wielding a +2 halberd of pain
              (16 damage)
             ... on level 4 of the Dungeon.
             The game lasted 00:07:38 (3513 turns).

Descartes the Grasshopper (Formicid Warper)         Turns: 3513, Time: 00:07:39

Health: -4/50      AC: 11    Str: 17    XL:     7   Next: 16%
Magic:  0/10       EV: 11    Int: 13    God:
Gold:   92         SH:  0    Dex: 10    Spells: 10/10 levels left

rFire   . . .      SeeInvis +   a - +0 hand axe
rCold   . . .      Faith    .   (no shield)
rNeg    . . .      Spirit   +   k - +0 troll leather armour {Pargi}
rPois   +          Reflect  .   (helmet unavailable)
rElec   +          Harm     .   n - scarf {+Inv}
rCorr   .          Rampage  .   e - +0 pair of gloves
Will    .....                   g - +2 pair of boots {Stlth+}
Stlth   ++........              q - amulet of guardian spirit
HPRegen 0.96/turn               (no ring)
MPRegen 0.12/turn               (no ring)

@: mighty
A: permanent stasis, dig shafts and tunnels, antennae 3, four strong arms,
iridescent scales 1, poison resistance, electricity resistance
a: Dig, Shaft Self, Evoke Invisibility


You were on level 4 of the Dungeon.
You visited 1 branch of the dungeon, and saw 4 of its levels.

You collected 92 gold pieces.

Inventory:

Hand Weapons
 a - a +0 hand axe (weapon)
 i - a +2 dagger of speed
Missiles
 c - 5 boomerangs of dispersal (quivered)
 d - 13 poisoned darts
 f - 148 stones
Armour
 b - a +0 leather armour
 e - a +0 pair of gloves (worn)
 g - a +2 pair of boots of stealth (worn)
 h - a +0 chain mail
 k - a +0 troll leather armour (worn) {Pargi}
 n - a scarf of invisibility (worn)
Jewellery
 o - an amulet of faith
 q - an amulet of guardian spirit (around neck)
Scrolls
 m - a scroll of fear
Potions
 j - a potion of curing {unknown}
 l - a potion of flight {unknown}
 p - a potion of might
 r - a potion of degeneration {unknown}
 t - a potion of lignification {unknown}


   Skills:
 - Level 2.1 Fighting
 + Level 4.3 Axes
 - Level 1.0 Throwing
 + Level 4.3 Armour
 - Level 1.7 Dodging
 - Level 2.1 Spellcasting
 + Level 4.5 Translocations


You had 10 spell levels left.
You didn't know any spells.
Your spell library contained the following spells:

 Spells                   Type           Power      Damage    Failure   Level
 Gell's Gravitas          Tloc           13%        N/A       14%         3
 Lesser Beckoning         Tloc           13%        N/A       14%         3
 Teleport Other           Tloc           13%        N/A       14%         3
 Slow                     Hex            4%         N/A       30%         1
 Confusing Touch          Hex            1%         N/A       65%         3
 Vampiric Draining        Necr           1%         2d6       65%         3
 Manifold Assault         Tloc           13%        N/A       77%         5
 Blink                    Tloc           Unusable   N/A       N/A         2

Dungeon Overview and Level Annotations

Branches:
Dungeon (4/15)
 Temple: D:4-7

Altars:
Wu Jian
Zin


Innate Abilities, Weirdness & Mutations

You cannot be hasted, slowed, berserked, paralysed or teleported.
You can dig through walls and to a lower floor.
You have a pair of large antennae on your head. (SInv)
Your four strong arms can wield two-handed weapons with a shield.
You are partially covered in iridescent scales. (AC +2)
Your system is resistant to poisons. (rPois)
You are resistant to electric shocks. (rElec)


Message History

a +0 dagger; an orc corpse
Things that are here:
a +0 dagger; an orc corpse
As you read the scroll of identify, it crumbles to dust.
m - a scroll of fear The orc shouts!
You see here 13 stones.
You barely miss the orc warrior.
The orc warrior shouts!
The orc warrior hits you with a +2 halberd of pain!
You writhe in agony.
The orc warrior hits you with a +2 halberd of pain!
It was a potion of might.
You feel very mighty all of a sudden. The orc closely misses you.
The orc warrior completely misses you.
You slash the orc warrior!
The orc warrior is moderately wounded.
You hit the orc. The orc hits you but does no damage.
The orc warrior barely misses you.
You barely miss the orc warrior.
The orc warrior is moderately wounded.
You closely miss the orc. The orc barely misses you.
The orc warrior barely misses you.
Unknown command.
You barely miss the orc warrior.
The orc warrior is moderately wounded.
You barely miss the orc. The orc misses you.
The orc warrior hits you with a +2 halberd of pain.
Unknown command.
You slash the orc warrior!
The orc warrior is severely wounded.
You barely miss the orc. The orc hits you but does no damage.
The orc warrior hits you with a +2 halberd of pain!
Unknown command.
You hit the orc warrior.
The orc warrior is severely wounded.
You completely miss the orc. The orc hits you with a +0 mace!
* * * LOW HITPOINT WARNING * * *
The orc warrior hits you with a +2 halberd of pain!!
You die...

### ... .# ##.. ...
..####### #.#
.#####.##..#.###..#
.......#.##.##...#
#...##.#.8..#
#..###.#(#o#.#
##)#....o@.#
#.##.#8..$##
#.####.#.(.## #.#
##.....# #
#.#######.####...
#................
########..####)#..##....
#........###............
#.######.# #)#########..


You could see an orc warrior and an orc.

Vanquished Creatures
  Pargi (D:3)
  A bullfrog (D:4)
  2 orc priests
  3 orc wizards
  Terence (D:3)
  3 adders
  An adder skeleton (D:4)
  A dart slug (D:2)
  9 orcs
  3 bats (D:1)
  11 endoplasms
  A giant cockroach (D:3)
  2 goblins
  4 hobgoblins
  3 quokkas
  13 ball pythons
  5 frilled lizards
  6 kobolds
  3 rats
73 creatures vanquished.

Notes
Turn   | Place    | Note
-------+----------+-------------------------------------------
     0 | D:1      | Descartes the Formicid Warper began the quest for the Orb.
     0 | D:1      | Reached XP level 1. HP: 16/16 MP: 3/3
   318 | D:1      | Reached XP level 2. HP: 22/22 MP: 5/5
   760 | D:1      | Found a faded altar of an unknown god.
   768 | D:1      | Reached XP level 3. HP: 20/27 MP: 6/6
  1543 | D:2      | Reached XP level 4. HP: 33/33 MP: 7/7
  1658 | D:3      | Noticed Terence
  1868 | D:2      | HP: 1/33 [orc priest/divine providence (12)]
  1892 | D:2      | Reached XP level 5. HP: 17/38 MP: 1/8
  2112 | D:3      | Gained mutation: Your system is resistant to poisons.
                  | (rPois) [potion of mutation]
  2112 | D:3      | Gained mutation: You are partially covered in iridescent
                  | scales. (AC +2) [potion of mutation]
  2112 | D:3      | Gained mutation: You are resistant to electric shocks.
                  | (rElec) [potion of mutation]
  2133 | D:3      | Killed Terence
  2465 | D:3      | Reached XP level 6. HP: 42/44 MP: 7/9
  2503 | D:3      | Found an ornate altar of the Wu Jian Council.
  2556 | D:3      | Noticed Pargi
  2599 | D:3      | Killed Pargi
  3277 | D:4      | Found a glowing silver altar of Zin.
  3385 | D:4      | Noticed an orc warrior
  3401 | D:4      | Reached XP level 7. HP: 50/50 MP: 6/10
  3513 | D:4      | Slain by an orc warrior

Illustrated notes

Levels and vault maps discovered:
D:1:      onia_arrival_pentagram, layout_basic,
          shapermc_ecumenical_altar_notcrosses
D:2:      layout_basic
D:3:      layout_rooms, general_overflow_altar, uniq_pargi, uniq_terence
D:4:      layout_basic, mainiacjoe_overflow_small_starburst,
          amcnicky_mini_corridor_feature, guppyfry_early_orc_mine

Skill      XL: |  1  2  3  4  5  6 |
---------------+-------------------+-----
Translocations | 3 4 |  4.5
Armour         | 2 3 4 |  4.3
Axes           | 3 4 |  4.3
Fighting       | |  2.1
Throwing       | |  1.0
Dodging        | |  1.7
Spellcasting   | |  2.1

Action                   |  1- 3 |  4- 6 |  7- 9 || total
-------------------------+-------+-------+-------++-------
Melee: Hand axe          |   109 |   165 |    24 ||   298
       Punch             |     5 |     1 |       ||     6
  Use: Potion            |       |     4 |     1 ||     5
       Scroll            |       |     2 |     1 ||     3
 Stab: Sleeping          |     6 |     2 |       ||     8
       Invisible         |       |     7 |       ||     7
Armor: Leather armour    |    50 |    23 |       ||    73
       Chain mail        |       |   107 |       ||   107
       Troll leather arm |       |    11 |    11 ||    22
Dodge: Dodged            |    64 |   130 |    13 ||   207
